 Dungeon Crawl Stone Soup version 0.16-a0-1196-ged0958e (webtiles) character file.

566818 MRaven the Sorcerer (level 26, -14/144 HPs)
             Began as a Tengu Air Elementalist on Oct 5, 2014.
             Was the Champion of Vehumet.
             Killed from afar by a fire giant (53 damage)
             ... with a fireball
             ... on level 1 of the Depths on Oct 11, 2014.
             The game lasted 12:37:01 (116134 turns).

MRaven the Sorcerer (Tengu Air Elementalist)      Turns: 116134, Time: 12:37:02

Health: -14/144    AC: 20    Str: 17    XL:     26   Next: 83%
Magic:  5/48       EV: 36    Int: 25    God:    Vehumet [******]
Gold:   3764       SH:  9    Dex: 19    Spells: 13 memorised, 18 levels left

rFire  . . .     SeeInvis .     E - staff of air
rCold  + . .     Clarity  +     S - +4 steam dragon armour
rNeg   + + .     SustAb   .     J - +3 buckler {reflect}
rPois  +         Gourm    .     q - +2 hat
rElec  +         Spirit   .     e - +3 cloak of Flash {+Fly EV+4}
rCorr  .         Warding  .     x - +0 pair of gloves
rMut   .         Stasis   .     (boots unavailable)
MR     +++++                    N - amulet of the Four Winds {Clar rN+ MR+++}
Stlth  ++++......               s - ring "Brisenavogg" {rN+ MR+ Str+4 Dex+1}
                                R - ring "Theforeu" {+Fly Dex+2 Int+3}

@: flying quickly and evasively, studying Long Blades, deflect missiles, quick,
almost entirely resistant to hostile enchantments, stealthy
A: able to fly continuously, beak, talons 3, breathe flames 1, cold resistance
1, frail 1, sense surroundings 1, poison resistance
a: Stop Flying, Renounce Religion, Breathe Fire
}: 3/15 runes: serpentine, barnacled, silver


You were on level 1 of the Depths.
You worshipped Vehumet.
Vehumet was exalted by your worship.
You were not hungry.

You visited 11 branches of the dungeon, and saw 51 of its levels.
You also visited: Labyrinth, Trove, Bailey and Ice Cave.

You collected 7392 gold pieces.
You spent 3628 gold pieces at shops.

Inventory:

Hand weapons
 i - the +8 hunting sling of Sheyssum {speed, rElec rF+}
   (You bought it in a shop on level 3 of the Shoals)

   Attacks with this weapon are significantly faster.
   It protects you from fire.
   It insulates you from electricity.
Armour
 e - the +3 cloak of Flash (worn) {+Fly EV+4}
   (You found it on level 4 of the Dungeon)

   It affects your evasion (+4).
   It lets you fly.
 q - a +2 hat (worn)
 x - a +0 pair of gloves (worn)
 J - a +3 buckler of reflection (worn)
 S - a +4 steam dragon armour (worn)
Magical devices
 t - a wand of invisibility (6)
 W - a wand of digging (11)
 Z - a wand of teleportation (5)
Comestibles
 c - 4 bread rations
 A - 3 meat rations
 I - 2 rotting chunks of ice dragon flesh
 Y - a rotting chunk of fire giant flesh
Scrolls
 b - a scroll of silence
 d - 11 scrolls of fog
 g - 3 scrolls of identify
 h - 19 scrolls of remove curse
 j - 10 scrolls of amnesia
 m - a scroll of summoning
 n - 4 scrolls of blinking
 r - 5 scrolls of vulnerability
 w - 11 scrolls of enchant weapon
 F - 10 scrolls of teleportation
 G - 3 scrolls of fear
 M - 5 scrolls of magic mapping
 Q - 2 scrolls of holy word
Jewellery
 a - the amulet "Khajol" {Spirit rElec}
   (You took it off a tengu reaver on level 5 of the Vaults)

   [amulet of guardian spirit]

   It causes incoming damage to be split between your health and magic.
   It insulates you from electricity.
 s - the ring "Brisenavogg" (right hand) {rN+ MR+ Str+4 Dex+1}
   (You took it off a vampire knight on level 3 of the Crypt)

   [ring of positive energy]

   It affects your strength (+4).
   It affects your dexterity (+1).
   It protects you from negative energy.
   It affects your resistance to hostile enchantments.
 u - an uncursed amulet of warding
 K - an uncursed ring of positive energy
 N - the amulet of the Four Winds (around neck) {Clar rN+ MR+++}
   (You took it off a vampire mage on level 3 of the Crypt)

   [amulet of clarity]

   It provides mental clarity.
   It protects you from negative energy.
   It affects your resistance to hostile enchantments.
 P - an uncursed ring of sustain abilities
 R - the ring "Theforeu" (left hand) {+Fly Dex+2 Int+3}
   (You found it in an ice cave)

   [ring of flight]

   It affects your intelligence (+3).
   It affects your dexterity (+2).
   It lets you fly.
 T - an uncursed amulet of resist corrosion
 V - an uncursed ring of see invisible
 X - an uncursed ring of protection from cold
Potions
 f - 5 potions of curing
 k - 2 potions of resistance
 l - 7 potions of restore abilities
 o - 4 potions of might
 v - 5 potions of cure mutation
 y - 2 potions of agility
 z - a potion of lignification
 C - 5 potions of cancellation
 D - a potion of heal wounds
 L - 2 potions of haste
 O - 2 potions of berserk rage
 U - 6 potions of brilliance
Books
 p - a manual of Long Blades
 B - a book of Dreams

   Spells                             Type                      Level
   Ensorcelled Hibernation            Hexes/Ice                    2
   Flight                             Charms/Air                   3
   Phase Shift                        Translocation                5
   Shadow Creatures                   Summoning                    5
   Mass Confusion                     Hexes                        6
   Darkness                           Hexes                        7
Magical staves
 E - an uncursed staff of air (weapon)
Miscellaneous
 H - a crystal ball of energy


   Skills:
 + Level 14.9 Fighting
 * Level 4.2 Staves
 - Level 14.6 Armour
 - Level 15.7 Dodging
 - Level 6.4 Stealth
 - Level 5.0 Shields
 * Level 24.4 Spellcasting
 - Level 15.0 Conjurations
 - Level 10.5 Charms
 - Level 10.5 Fire Magic
 - Level 21.5 Air Magic
 * Level 10.7 Evocations


You had 18 spell levels left.
You knew the following spells:

 Your Spells              Type           Power        Failure   Level  Hunger
a - Shock                 Conj/Air       ####         0%          1    None
b - Fireball              Conj/Fire      #######...   1%          5    None
c - Swiftness             Chrm/Air       ########     0%          2    None
d - Static Discharge      Conj/Air       ########     0%          3    None
e - Lightning Bolt        Conj/Air       ########..   1%          5    None
f - Iskenderun's Mystic   Conj           #######.     1%          4    None
g - Delayed Fireball      Conj/Fire      N/A          2%          7    ###....
h - Tornado               Air            ########..   5%          9    ######.
i - Chain Lightning       Conj/Air       ########..   1%          8    #####..
j - Deflect Missiles      Chrm/Air       ########..   1%          6    None
k - Conjure Flame         Conj/Fire      #######.     1%          3    None
l - Sticky Flame          Conj/Fire      #######.     1%          4    None
m - Regeneration          Chrm/Necr      ######....   1%          3    None


Dungeon Overview and Level Annotations

Branches:
Dungeon (15/15)            Temple (1/1) D:6             Orc (4/4) D:12
    Elf (3/3) Orc:4          Lair (8/8) D:10         Shoals (5/5) Lair:6
  Snake (5/5) Lair:6        Slime (0/6) Lair:6       Vaults (5/5) D:13
  Crypt (3/3) Vaults:3       Tomb (0/3) Crypt:3      Depths (1/5) D:15
   Hell (1/1)
    Dis: Hell:1         Geh: Hell:1         Coc: Hell:1         Tar: Hell:1

Altars:
Ashenzari
Cheibriados
Dithmenos
Elyvilon
Fedhas
Gozag
Kikubaaqudgha
Makhleb
Okawaru
Qazlal
Ru
Trog
Vehumet
Xom
Yredelemnul
Zin
The Shining One
Beogh
Jiyva

Shops:
D:6 [   D:7 ?   D:13 !   Orc:3 %   Orc:4 :(*[   Elf:1 }   Elf:2 *   Shoals:1 }
Shoals:3 (   Shoals:4 ?=   Snake:1 *   Vaults:4 %   Vaults:5 (

Portals:
Hell: Depths:1

Annotations:
Lair:6 exclusion: door


Innate Abilities, Weirdness & Mutations

You can fly continuously.
You have a beak for a mouth.
You have claws for feet.
You can breathe flames.
Your flesh is cold resistant.
You are frail (-10% HP).
You passively map a small area around you.
Your system is resistant to poisons.


Message History

The bolt of cold misses you.
The fire giant gestures at you while chanting.
The fireball explodes!
The fireball engulfs you!
You are engulfed in raging winds.
The fire giant points at you and mumbles some strange words.
The fireball explodes!
The fireball engulfs you!
* * * LOW HITPOINT WARNING * * *
You are engulfed in raging winds.
You see here a battleaxe of freezing.
A dire elephant comes into view.
You are engulfed in raging winds.
You kill the frost giant!
Vehumet accepts your kill.
You feel your power returning.
The dire elephant trumpets!
You are engulfed in raging winds.
The winds around you start to calm down.
The fire giant gestures at you while chanting.
The fireball explodes!
The fireball engulfs you!
You die...

#.....#C%# #.<.[.#..# *
#... #....§##'# * #......
#.[§§§# .. ,#......
#.§§§§# C.. , #......
#§§§§§# ,.. * #......
#§§§§§#* #......
#§§§§§###########......
#§§§§§@§§§§C§§.......#*
#§#§§§#§#§§§§§§....)..#.
...§§§§§§§§§§§§§.........
#.#.#§#§#§#§§§§§..∩.......
,.....§§§§§§§§§...........
#.#Y#.#§#§§§..........##
.....§§§§............#
.#.#.#...[.........#
...................#


You could see a dire elephant and a fire giant.

Vanquished Creatures
  2 ancient liches
  Boris (Crypt:2)
  Sojobo (Crypt:2)
  Margery (Vaults:3)
  Geryon (Hell)
  A golden dragon (Vaults:5)
  Xtahua (Crypt:3)
  A bone dragon (Crypt:3)
  2 tentacled monstrosities (Vaults:5)
  4 titans (Vaults:5)
  3 deep elf blademasters (Elf:3)
  2 deep elf master archers (Elf:3)
  4 storm dragons (Vaults:5)
  2 krakens (Shoals:5)
  5 liches
  Agnes (Vaults:1)
  12 ancient champions
  Frances (Shoals:1)
  5 sphinxes
  Kirke (D:15)
  7 tengu reavers
  4 shadow dragons (Vaults:5)
  Roxanne (D:14)
  12 frost giants
  Ilsuiw (Shoals:5)
  4 fire giants
  Wiglaf (Elf:2)
  Maud (Lair:5)
  3 revenants
  16 vault wardens
  10 deep elf sorcerers
  An orc warlord (Orc:4)
  16 greater nagas
  Aizul (Elf:2)
  A curse skull (Crypt:2)
  Gastronok (Orc:4)
  6 war gargoyles
  6 reapers
  10 ghouls
  Jorgrun (Vaults:1)
  8 deep elf demonologists
  9 stone giants
  8 very ugly things
  3 vampire knights
  8 deep elf annihilators
  A dire elephant (Depths:1)
  Azrael (D:14)
  An unborn (Crypt:3)
  Snorg (Snake:1)
  5 merfolk javelineers (Shoals:5)
  2 minotaurs
  9 eidola
  A crystal guardian (Vaults:4)
  A mummy priest (Crypt:3)
  13 merfolk impalers
  12 deep elf death magi
  6 ettins
  3 great orbs of eyes
  15 jiangshi
  18 ironheart preservers
  22 yaktaur captains
  38 vault guards
  5 deep elf high priests
  2 fire dragons
  Fannar (Lair:6)
  3 ice dragons
  2 quicksilver dragon skeletons (Crypt:2)
  2 ghost crabs (Crypt:1)
  21 naga warriors
  A rakshasa (Depths:1)
  5 hydras
  9 anacondas
  8 merfolk aquamancers
  3 satyrs
  8 centaur warriors
  2 death knights (Crypt:2)
  A tengu warrior (D:15)
  A deep troll shaman (Vaults:3)
  An alligator snapping turtle (Shoals:3)
  2 merfolk avatars (Shoals:5)
  3 deep troll earth magi
  17 ogre magi
  22 dancing weapons
  A spectral stone giant (Crypt:2)
  2 titan zombies
  A death yak (Lair:7)
  5 orc high priests
  7 vampire magi
  A spectral dire elephant (Crypt:1)
  Urug (D:11)
  17 naga sharpshooters
  4 soul eaters
  Nergalle (D:12)
  2 titan skeletons (Crypt:2)
  11 shock serpents
  A fire crab (shapeshifter) (D:15)
  2 salamander mystics (Snake:4)
  20 sea snakes
  An ice devil (Hell)
  A sun demon (Hell)
  A storm dragon skeleton (Crypt:2)
  An anaconda zombie (Crypt:2)
  44 skeletal warriors
  A sea snake (shapeshifter) (Vaults:4)
  16 deep elf knights
  8 shadow wraiths
  A death drake (shapeshifter) (Vaults:2)
  9 hell knights
  2 unseen horrors
  6 flayed ghosts
  14 deep trolls
  An unseen horror (shapeshifter) (Vaults:4)
  9 necromancers
  4 deep elf summoners
  14 ironbrand convokers
  A tengu zombie (Crypt:2)
  An ice statue (IceCv)
  8 naga ritualists
  A spectral hydra (Crypt:1)
  A spectral anaconda (Crypt:2)
  A golden dragon skeleton (Crypt:2)
  Pikel (D:5)
  20 orc knights
  19 griffons
  5 hill giants
  2 anaconda skeletons (Crypt:2)
  13 cyclopes
  An ugly thing zombie (Vaults:4)
  6 mana vipers
  3 wolf spiders
  A swamp dragon (shapeshifter) (Vaults:1)
  2 wizards
  A wolf spider (shapeshifter) (Vaults:5)
  5 phantasmal warriors
  3 orc sorcerers (Orc:4)
  11 fauns
  A human zombie (D:15)
  A harpy (shapeshifter) (D:15)
  12 salamanders
  18 deep elf conjurers
  5 shadow dragon skeletons
  64 ugly things
  15 manticores
  A salamander (shapeshifter) (D:15)
  5 red wasps
  9 guardian serpents
  A manticore (shapeshifter) (D:13)
  4 water nymphs
  A water nymph (shapeshifter) (Vaults:4)
  A sphinx skeleton (Vaults:5)
  An oklob plant (Lair:6)
  21 harpies
  52 black mambas
  An iron dragon skeleton (Crypt:2)
  2 shock serpent zombies
  Maurice (D:11)
  22 naga magi
  2 spiny frogs (shapeshifter)
  2 frost giant skeletons (Crypt:2)
  Joseph (Lair:1)
  A smoke demon (Shoals:1)
  4 elephants (Lair:4)
  23 spiny frogs
  A stone giant skeleton (Vaults:4)
  14 vault sentinels
  A gargoyle (D:12)
  6 sirens
  An orange demon (Shoals:1)
  2 kobold demonologists
  5 komodo dragons
  61 yaktaurs
  A yaktaur (shapeshifter) (D:14)
  A storm dragon simulacrum (Vaults:5)
  A fire drake (shapeshifter) (Vaults:2)
  2 dire elephant skeletons (Crypt:2)
  An efreet (D:15)
  A fire drake (Lair:8)
  5 tengu conjurers
  11 trolls
  A hellwing (Elf:3)
  39 merfolk
  A rust devil (Elf:3)
  3 yaktaur skeletons
  A blue devil (Hell)
  2 hydra zombies
  9 guardian mummies (Crypt:3)
  18 polar bears
  A grey draconian skeleton (Crypt:3)
  A giant leech (Lair:8)
  Sonja (Orc:2)
  12 freezing wraiths
  16 deep elf priests
  A raven (shapeshifter) (Vaults:3)
  A shadow dragon simulacrum (Crypt:2)
  11 ravens
  2 hydra skeletons (Crypt:2)
  19 slime creatures
  A giant leech (shapeshifter) (Vaults:5)
  A jumping spider (Elf:2)
  A jumping spider (shapeshifter) (Vaults:1)
  A baby alligator (shapeshifter) (D:14)
  A mana viper skeleton (Crypt:1)
  2 wind drakes
  A bog body (Crypt:1)
  A jumping spider zombie (Crypt:2)
  30 two-headed ogres
  2 catoblepas skeletons
  A raiju (shapeshifter) (D:15)
  8 boulder beetles
  An ettin zombie (Vaults:5)
  A fire dragon zombie (Crypt:2)
  28 blink frogs
  10 snapping turtles
  15 water elementals
  21 flying skulls
  6 shadows
  An alligator skeleton (Crypt:3)
  A spriggan (D:8)
  4 redbacks (Vaults:5)
  2 fire dragon skeletons
  A tarantella (shapeshifter) (D:13)
  3 basilisks
  A tarantella (Vaults:5)
  2 wyverns
  A fire giant simulacrum (Vaults:2)
  27 deep elf magi
  54 yaks
  2 ettin skeletons
  9 wraiths
  23 hippogriffs
  5 hogs (D:15)
  2 trapdoor spiders
  27 wolves
  A black mamba skeleton (Crypt:3)
  A neqoxec (Elf:3)
  A steam dragon (Lair:5)
  8 hungry ghosts
  9 vampires
  36 deep elf fighters
  2 hill giant skeletons (D:9)
  The ghost of Foahim the Ducker, an average HuGl of Okawaru (D:4)
  A chaos spawn (Elf:3)
  A wind drake skeleton (Crypt:1)
  20 vampire mosquitoes
  4 fire elementals (D:14)
  83 nagas
  2 humans (shapeshifter)
  2 hell hounds (D:14)
  9 wargs
  An orb spider zombie (Crypt:3)
  27 water moccasins
  A faun zombie (Crypt:3)
  A spectral snapping turtle (Crypt:1)
  2 mottled dragons
  14 porcupines
  65 orc warriors
  2 yellow wasps
  A human simulacrum (Vaults:1)
  A manticore zombie (Crypt:2)
  8 phantoms
  3 sky beasts
  A black bear (shapeshifter) (Elf:1)
  2 slaves (D:5)
  2 black bears
  4 boggarts
  4 necrophages
  12 ice beasts
  A snapping turtle zombie (Crypt:3)
  A torpor snail zombie (Crypt:2)
  A dwarf (shapeshifter) (D:15)
  A hog zombie (Crypt:3)
  63 ogres
  11 crocodiles
  An elephant skeleton (Crypt:3)
  A swamp dragon skeleton (Crypt:1)
  14 centaurs
  Sigmund (D:5)
  A hog skeleton (D:15)
  A manticore skeleton (Crypt:2)
  A big kobold (D:10)
  5 lost souls
  A wyvern zombie (Crypt:2)
  A yaktaur zombie (Vaults:4)
  A big kobold (shapeshifter) (Vaults:2)
  45 giant frogs
  A spectral boulder beetle (Crypt:1)
  An elf skeleton (Crypt:2)
  A salamander skeleton (Crypt:3)
  A glowing shapeshifter simulacrum (Vaults:1)
  7 scorpions
  2 water moccasin zombies
  2 elf zombies (Vaults:5)
  2 eyes of draining
  A spectral brain worm (Crypt:1)
  A warg zombie (Vaults:4)
  14 wights
  26 killer bees
  4 electric eels
  A troll skeleton (D:13)
  4 lava snakes (Snake:3)
  A wolf skeleton (Crypt:3)
  6 crimson imps
  35 orc priests
  3 jellies
  3 centaur skeletons
  2 centaur zombies
  A giant frog zombie (D:6)
  15 hounds
  30 orc wizards
  An iron imp (Elf:1)
  2 giant frog skeletons
  2 human skeletons (Crypt:2)
  A spectral scorpion (Crypt:1)
  7 iguanas
  2 sheep (D:13)
  10 worker ants
  A shapeshifter simulacrum (D:15)
  A killer bee zombie (Crypt:1)
  A mottled dragon skeleton (D:11)
  An ogre skeleton (Crypt:2)
  5 mummies
  A hound skeleton (D:4)
  28 adders
  86 green rats
  An orange rat skeleton (Crypt:1)
  7 gnolls
  4 orc skeletons
  A steam dragon skeleton (Crypt:1)
  4 giant mites
  A shadow imp (D:15)
  A goliath beetle zombie (D:4)
  A white imp (Elf:1)
  3 worms
  2 ufetubi (Elf:1)
  An adder zombie (D:6)
  An iguana skeleton (D:7)
  6 giant geckos
  An ooze (D:4)
  234 orcs
  A ball python (Snake:3)
  4 giant cockroaches
  31 goblins
  15 hobgoblins
  13 jackals
  14 kobolds
  18 quokkas
  31 bats
  A giant gecko zombie (Crypt:3)
  5 giant newts
  A giant newt skeleton (Crypt:2)
  A giant spore (D:8)
  A green rat skeleton (Crypt:3)
  A hobgoblin skeleton (D:5)
  A lava orc skeleton (Crypt:2)
  4 orc zombies
  21 rats
  2 crawling corpses
  6 fungi
  22 plants
  6 tentacles (Shoals:5)
2857 creatures vanquished.

Vanquished Creatures (collateral kills)
  An ogre mage (Vaults:1)
  An orc knight (Vaults:1)
  4 ugly things (Vaults:1)
  A vault sentinel (Vaults:1)
  A two-headed ogre (Vaults:1)
  A water moccasin (shapeshifter) (Vaults:1)
  2 ogres (Vaults:1)
11 creatures vanquished.

Vanquished Creatures (others)
  A stone giant (Vaults:5)
  4 yaktaur captains
  An ironheart preserver (Vaults:1)
  A centaur warrior (D:13)
  2 satyrs (Shoals:5)
  2 naga sharpshooters (Snake:4)
  A skeletal warrior (Crypt:2)
  An orc knight (Orc:4)
  A deep elf conjurer (Elf:3)
  2 cyclopes
  2 deep elf priests
  6 yaktaurs
  A polar bear (IceCv)
  A yak (IceCv)
  2 deep elf fighters
  3 wolves (IceCv)
  An orc warrior (Orc:4)
  A centaur (Shoals:1)
  7 lost souls
  An eye of draining (shapeshifter) (Vaults:1)
  An orc wizard (Orc:4)
  2 orcs
  5 fungi
  13 plants
  5 tentacles (Shoals:5)
  63 tentacle segments (Shoals:5)
130 creatures vanquished.

Grand Total: 2998 creatures vanquished

Notes
Turn   | Place    | Note
--------------------------------------------------------------
     0 | D:1      | MRaven, the Tengu Air Elementalist, began the quest for the Orb.
     0 | D:1      | Reached XP level 1. HP: 10/10 MP: 3/3
   372 | D:1      | Reached XP level 2. HP: 12/15 MP: 0/5
   434 | D:1      | Learned a level 2 spell: Repel Missiles
   437 | D:1      | Learned a level 2 spell: Swiftness
  1238 | D:1      | Reached XP level 3. HP: 5/19 MP: 1/7
  2358 | D:2      | Learned a level 3 spell: Static Discharge
  2545 | D:3      | Reached XP level 4. HP: 24/24 MP: 7/10
  3910 | D:3      | Reached skill level 5 in Air Magic
  3910 | D:3      | Reached XP level 5. HP: 18/28 MP: 0/13
  5110 | D:4      | Got a pitted short sword
  5111 | D:4      | Identified the +9 short sword of Law {speed, Int+3} (You found it on level 4 of the Dungeon)
  5141 | D:4      | Reached XP level 6. HP: 17/32 MP: 11/17
  5515 | D:4      | Found a blossoming altar of Fedhas.
  5761 | D:4      | Noticed an ogre
  5767 | D:4      | Killed an ogre
  5767 | D:4      | Reached skill level 6 in Air Magic
  5767 | D:4      | Reached XP level 7. HP: 36/36 MP: 13/19
  5857 | D:4      | Reached skill level 5 in Spellcasting
  6338 | D:4      | Found a blossoming altar of Fedhas.
  6469 | D:4      | Reached skill level 5 in Conjurations
  6491 | D:4      | Learned a level 5 spell: Lightning Bolt
  6677 | D:4      | Noticed Foahim's ghost (average HuGl)
  6688 | D:4      | Killed Foahim's ghost
  7038 | D:5      | Entered Level 5 of the Dungeon
  7682 | D:5      | Reached skill level 7 in Air Magic
  7682 | D:5      | Reached XP level 8. HP: 41/41 MP: 14/23
  7843 | D:5      | Noticed Sigmund
  7860 | D:5      | Killed Sigmund
  8641 | D:5      | Found a snail-covered altar of Cheibriados.
  8641 | D:5      | Found a bloodstained altar of Trog.
  9142 | D:5      | Reached skill level 8 in Air Magic
  9371 | D:5      | Noticed Pikel
  9377 | D:5      | Killed Pikel
  9377 | D:5      | Reached skill level 9 in Air Magic
  9377 | D:5      | Reached XP level 9. HP: 45/45 MP: 2/25
 10278 | D:6      | Found a staircase to the Ecumenical Temple.
 10300 | Temple   | Entered the Ecumenical Temple
 10333 | Temple   | Became a worshipper of Vehumet
 10587 | D:6      | Found Usyety's Armour Shop.
 10675 | D:6      | Reached skill level 10 in Air Magic
 11501 | D:7      | Reached skill level 10 in Conjurations
 11597 | D:7      | Acquired Vehumet's first power
 11597 | D:7      | Offered knowledge of Sandblast by Vehumet.
 11627 | D:7      | Reached skill level 11 in Air Magic
 11761 | D:7      | Reached XP level 10. HP: 47/50 MP: 21/27
 12417 | D:7      | Offered knowledge of Searing Ray by Vehumet.
 12447 | D:7      | Found a snail-covered altar of Cheibriados.
 12658 | D:7      | Found Qaren's Magic Scroll Boutique.
 12665 | D:7      | Bought a scroll of blinking for 90 gold pieces
 12665 | D:7      | Bought a scroll of teleportation for 36 gold pieces
 12665 | D:7      | Bought a scroll of identify for 24 gold pieces
 12665 | D:7      | Bought a scroll of fear for 42 gold pieces
 12665 | D:7      | Bought a scroll of recharging for 114 gold pieces
 12665 | D:7      | Bought a scroll of fog for 24 gold pieces
 13491 | D:8      | Found an iron altar of Okawaru.
 14388 | D:9      | Reached skill level 12 in Air Magic
 15945 | D:10     | Entered Level 10 of the Dungeon
 16096 | D:10     | Offered knowledge of Mephitic Cloud by Vehumet.
 16396 | D:10     | Acquired Vehumet's second power
 16422 | D:10     | Reached skill level 13 in Air Magic
 16558 | D:10     | Found a staircase to the Lair.
 16564 | D:10     | Reached XP level 11. HP: 51/55 MP: 22/29
 16635 | D:10     | Reached skill level 1 in Fighting
 16703 | D:10     | Offered knowledge of Iskenderun's Mystic Blast by Vehumet.
 16714 | D:10     | Learned a level 4 spell: Iskenderun's Mystic Blast
 17402 | Lair:1   | Entered Level 1 of the Lair of Beasts
 17624 | Lair:1   | Reached skill level 5 in Dodging
 18154 | Lair:1   | Noticed Joseph
 18177 | Lair:1   | Killed Joseph
 18607 | Lair:1   | Acquired Vehumet's third power
 18701 | Lair:2   | Upgraded the game from 0.16-a0-1065-g6dfd42a to 0.16-a0-1083-g6a3eec8
 18833 | Lair:2   | Offered knowledge of Venom Bolt by Vehumet.
 19763 | Lair:2   | Reached XP level 12. HP: 54/68 MP: 15/31
 20071 | Lair:2   | Reached skill level 5 in Fighting
 20607 | Lair:3   | Offered knowledge of Delayed Fireball by Vehumet.
 20683 | Lair:3   | Learned a level 7 spell: Delayed Fireball
 20898 | Lair:3   | Reached skill level 1 in Fire Magic
 21073 | Lair:3   | Reached skill level 1 in Armour
 22211 | Lair:3   | Identified a scroll of acquirement
 22443 | Lair:4   | Found a glowing golden altar of the Shining One.
 23899 | Lair:4   | Reached skill level 10 in Dodging
 23909 | Lair:4   | Offered knowledge of Airstrike by Vehumet.
 24114 | Lair:4   | Reached skill level 5 in Stealth
 24449 | Lair:4   | Reached skill level 5 in Fire Magic
 24541 | Lair:3   | Reached XP level 13. HP: 74/74 MP: 12/31
 26040 | Lair:5   | Noticed Maud
 26063 | Lair:5   | Killed Maud
 26063 | Lair:5   | Reached skill level 1 in Shields
 27774 | Lair:6   | Offered knowledge of Freezing Cloud by Vehumet.
 27998 | Lair:6   | Found a staircase to the Snake Pit.
 28443 | Lair:6   | Gained mutation: Potions and wands are less effective at restoring your health. [potion of mutation]
 28443 | Lair:6   | Gained mutation: Your muscles are strong. (Str +2) [potion of mutation]
 28443 | Lair:6   | Gained mutation: You are agile. (Dex +2) [potion of mutation]
 28444 | Lair:6   | Gained mutation: You can spit poison. [potion of mutation]
 28444 | Lair:6   | Lost mutation: Your muscles are strong. (Str +2) [potion of mutation]
 28444 | Lair:6   | Gained mutation: Your mind is acute. (Int +2) [potion of mutation]
 28445 | Lair:6   | Lost mutation: You can spit poison. [potion of cure mutation]
 28445 | Lair:6   | Lost mutation: Potions and wands are less effective at restoring your health. [potion of cure mutation]
 28445 | Lair:6   | Lost mutation: Your mind is acute. (Int +2) [potion of cure mutation]
 28445 | Lair:6   | Lost mutation: You are agile. (Dex +2) [potion of cure mutation]
 28616 | Lair:6   | Noticed Fannar
 29114 | Lair:6   | Found a viscous altar of Jiyva.
 29114 | Lair:6   | Noticed an azure jelly
 29115 | Lair:6   | Found a staircase to the Slime Pits.
 29115 | Lair:6   | Noticed an azure jelly
 29115 | Lair:6   | Noticed an azure jelly
 29247 | Lair:6   | Found a staircase to the Shoals.
 29326 | Lair:6   | Killed Fannar
 29564 | Lair:7   | Reached skill level 5 in Armour
 29573 | Lair:7   | Found a frozen archway.
 29610 | IceCv    | Entered an ice cave
 30541 | IceCv    | Upgraded the game from 0.16-a0-1083-g6a3eec8 to 0.16-a0-1120-gd281f79
 30818 | IceCv    | Reached skill level 10 in Spellcasting
 31021 | IceCv    | Upgraded the game from 0.16-a0-1120-gd281f79 to 0.16-a0-1132-gad589c6
 31035 | IceCv    | Reached XP level 14. HP: 76/82 MP: 12/33
 31586 | IceCv    | Noticed a frost giant
 31591 | IceCv    | Killed a frost giant
 31765 | IceCv    | Got a crude glass ring
 31786 | IceCv    | Identified the ring "Theforeu" {+Fly Dex+2 Int+3} (You found it in an ice cave)
 33094 | Lair:7   | Offered knowledge of Spellforged Servitor by Vehumet.
 33284 | Lair:7   | Reached skill level 5 in Shields
 33672 | Lair:8   | Entered Level 8 of the Lair of Beasts
 35057 | Lair:8   | Reached skill level 14 in Air Magic
 36355 | D:11     | Offered knowledge of Conjure Ball Lightning by Vehumet.
 36363 | D:11     | Noticed Maurice
 36369 | D:11     | Killed Maurice
 36634 | D:11     | Found a labyrinth entrance.
 36639 | Lab      | Entered a labyrinth
 37168 | D:11     | Gained mutation: You possess an exceptional clarity of mind. [mutagenic meat]
 37169 | D:11     | Gained mutation: You are clumsy. (Dex -2) [mutagenic meat]
 37170 | D:11     | Lost mutation: You are clumsy. (Dex -2) [potion of cure mutation]
 37170 | D:11     | Lost mutation: You possess an exceptional clarity of mind. [potion of cure mutation]
 37309 | D:11     | Noticed Urug
 37327 | D:11     | Killed Urug
 37545 | D:11     | Reached XP level 15. HP: 88/88 MP: 8/34
 37585 | D:11     | Gained mutation: Your system is resistant to poisons. [mutagenic meat]
 38492 | D:12     | Reached skill level 1 in Evocations
 38674 | D:12     | Found a staircase to the Orcish Mines.
 38694 | Orc:1    | Entered Level 1 of the Orcish Mines
 39143 | Orc:2    | Found a roughly hewn altar of Beogh.
 39408 | Orc:3    | Found Caepirph's Food Boutique.
 39749 | Orc:2    | Offered knowledge of Poison Arrow by Vehumet.
 39842 | Orc:2    | Found a roughly hewn altar of Beogh.
 40086 | Orc:2    | Noticed Sonja
 40088 | Orc:2    | Killed Sonja
 40095 | Orc:2    | Found a burning altar of Makhleb.
 40464 | Orc:4    | Entered Level 4 of the Orcish Mines
 40878 | Orc:4    | Found a staircase to the Elven Halls.
 41802 | Orc:4    | Offered knowledge of Poisonous Cloud by Vehumet.
 42343 | Orc:4    | Found Skumilim's General Store.
 42344 | Orc:4    | Found Hauvaipn's Book Emporium.
 42345 | Orc:4    | Found Naamyrgh's Antique Armour Shoppe.
 42345 | Orc:4    | Found Olyegacw's Antique Weapon Shoppe.
 42573 | Orc:4    | Noticed Gastronok
 42612 | Orc:4    | Killed Gastronok
 43214 | Orc:4    | Reached skill level 15 in Air Magic
 43388 | Orc:4    | Bought a scroll of fog for 26 gold pieces
 43508 | Orc:4    | Bought a brightly glowing plate armour for 952 gold pieces
 43508 | Orc:4    | Bought an ichor-stained buckler for 323 gold pieces
 43519 | Orc:4    | Identified the -4 buckler of the Eleven Runes {Dex+4} (You bought it in a shop on level 4 of the Orcish Mines)
 43542 | Orc:4    | Identified the cursed -2 plate armour of Subjectivity {SInv Stlth+} (You bought it in a shop on level 4 of the Orcish Mines)
 44165 | Snake:1  | Entered Level 1 of the Snake Pit
 44244 | Snake:1  | Noticed Snorg
 44251 | Snake:1  | Killed Snorg
 44251 | Snake:1  | Reached skill level 5 in Evocations
 46130 | Snake:1  | Offered knowledge of Fire Storm by Vehumet.
 46130 | Snake:1  | Offered knowledge of Chain Lightning by Vehumet.
 46130 | Snake:1  | Offered knowledge of Tornado by Vehumet.
 46240 | Snake:1  | Found Mumannan's Assorted Antiques.
 46280 | Snake:1  | Bought a potion of curing for 60 gold pieces
 46280 | Snake:1  | Bought a scroll of teleportation for 90 gold pieces
 46834 | Snake:1  | Learned a level 9 spell: Tornado
 46956 | Snake:2  | Reached XP level 16. HP: 83/93 MP: 22/35
 47837 | Snake:2  | Reached skill level 16 in Air Magic
 48852 | Snake:2  | Upgraded the game from 0.16-a0-1132-gad589c6 to 0.16-a0-1157-gec61f8e
 49638 | Snake:2  | Reached skill level 17 in Air Magic
 52006 | Snake:3  | Reached skill level 18 in Air Magic
 54049 | Snake:4  | Reached skill level 19 in Air Magic
 54163 | Snake:4  | Reached XP level 17. HP: 79/97 MP: 30/37
 55111 | Snake:5  | Entered Level 5 of the Snake Pit
 56265 | Snake:5  | Reached skill level 20 in Air Magic
 58395 | Snake:5  | Learned a level 8 spell: Chain Lightning
 58647 | Snake:5  | Reached skill level 21 in Air Magic
 60140 | Snake:5  | Reached XP level 18. HP: 103/103 MP: 10/38
 61414 | Snake:5  | Got a serpentine rune of Zot
 62612 | D:12     | Noticed Nergalle
 62616 | D:12     | Killed Nergalle
 63173 | D:13     | Found Welucs' Distillery.
 63240 | D:13     | Bought a potion of haste for 105 gold pieces
 63240 | D:13     | Bought a potion of curing for 30 gold pieces
 63240 | D:13     | Bought a potion of curing for 30 gold pieces
 63240 | D:13     | Bought a potion of curing for 30 gold pieces
 63240 | D:13     | Bought a potion of confusion for 15 gold pieces
 63240 | D:13     | Bought a potion of cancellation for 82 gold pieces
 63242 | D:13     | Bought a potion of mutation for 37 gold pieces
 63243 | D:13     | Gained mutation: You can breathe flames. [potion of mutation]
 63243 | D:13     | Gained mutation: You passively map a small area around you. [potion of mutation]
 63243 | D:13     | Gained mutation: Your flesh is cold resistant. [potion of mutation]
 63278 | D:13     | Reached skill level 10 in Fire Magic
 63921 | D:13     | Found a gate to the Vaults.
 63924 | D:13     | Got a bloodstained plate armour
 64020 | D:13     | Identified the +0 plate armour of Xom's Regard {rElec Stlth+ Curse} (You found it on level 13 of the Dungeon)
 64147 | D:14     | Found a flagged portal.
 64168 | Bailey   | Entered a bailey
 64495 | D:14     | Noticed Roxanne
 65155 | D:14     | Upgraded the game from 0.16-a0-1157-gec61f8e to 0.16-a0-1167-g3157814
 65160 | D:14     | Found a portal to a secret trove of treasure.
 65476 | D:14     | Noticed Azrael
 65481 | D:14     | Killed Azrael
 65751 | D:14     | Killed Roxanne
 65893 | D:15     | Entered Level 15 of the Dungeon
 66577 | Shoals:1 | Entered Level 1 of the Shoals
 66581 | Shoals:1 | Reached skill level 15 in Conjurations
 66878 | Shoals:1 | Noticed Frances
 66883 | Shoals:1 | Killed Frances
 67069 | Shoals:1 | Found Throruohe's Gadget Shop.
 68414 | Shoals:1 | Reached XP level 19. HP: 110/110 MP: 21/40
 70144 | Shoals:2 | Reached skill level 15 in Spellcasting
 71416 | Shoals:3 | Found Evuett's Antique Weapon Shoppe.
 71502 | Shoals:3 | Bought a sapphire hunting sling for 208 gold pieces
 71503 | Shoals:3 | Identified the +8 hunting sling of Sheyssum {speed, rElec rF+} (You bought it in a shop on level 3 of the Shoals)
 72032 | Shoals:3 | Reached skill level 10 in Fighting
 73090 | Shoals:4 | Found Kuowaiwk's Magic Scroll Shop.
 73271 | Shoals:4 | Bought a scroll of blinking for 150 gold pieces
 73271 | Shoals:4 | Bought a scroll of identify for 40 gold pieces
 73271 | Shoals:4 | Bought a scroll of identify for 40 gold pieces
 73271 | Shoals:4 | Bought a scroll of identify for 40 gold pieces
 73984 | Shoals:4 | Found Orghurear's Jewellery Boutique.
 73990 | Shoals:4 | Got a bloodstained broad axe
 73991 | Shoals:4 | Identified the +2 broad axe of Cataclysm {flame, rF+} (You found it on level 4 of the Shoals)
 74535 | Shoals:5 | Entered Level 5 of the Shoals
 75614 | Shoals:5 | Noticed Ilsuiw
 75616 | Shoals:5 | Killed Ilsuiw
 76947 | Shoals:5 | Reached XP level 20. HP: 66/120 MP: 26/41
 77266 | Shoals:5 | Got a barnacled rune of Zot
 78282 | Vaults:1 | Entered Level 1 of the Vaults
 78348 | Vaults:1 | Noticed Jorgrun
 78355 | Vaults:1 | Killed Jorgrun
 80429 | Vaults:1 | Noticed Agnes
 80436 | Vaults:1 | Killed Agnes
 80587 | Vaults:1 | Reached skill level 15 in Dodging
 81684 | Vaults:2 | Got a polished scale mail
 81695 | Vaults:2 | Identified the +0 scale mail of the Loofah {rN+ MR+} (You took it off a vault warden on level 2 of the Vaults)
 82103 | Vaults:2 | Reached XP level 21. HP: 85/128 MP: 2/43
 82824 | Vaults:2 | Got a wizard robe
 82835 | Vaults:2 | Identified the cursed -4 robe of Royalty {+Blink +Rage +Fly Int+2 SInv} (You found it on level 2 of the Vaults)
 85027 | Vaults:3 | Got a dazzling ring mail
 85042 | Vaults:3 | Identified the cursed -9 ring mail of Vyl Sywn {Str+1 Int+3} (You found it on level 3 of the Vaults)
 85236 | Vaults:3 | Noticed Margery
 85252 | Vaults:3 | Killed Margery
 86906 | Vaults:3 | Found a staircase to the Crypt.
 87762 | Vaults:4 | Reached XP level 22. HP: 81/133 MP: 15/44
 88175 | Vaults:4 | Reached skill level 10 in Armour
 91051 | Vaults:4 | Found Festuep's Food Boutique.
 91181 | Vaults:4 | Bought a bread ration for 65 gold pieces
 91181 | Vaults:4 | Bought a bread ration for 65 gold pieces
 91181 | Vaults:4 | Bought a meat ration for 65 gold pieces
 91181 | Vaults:4 | Bought a meat ration for 65 gold pieces
 91181 | Vaults:4 | Bought a bread ration for 65 gold pieces
 91181 | Vaults:4 | Bought a bread ration for 65 gold pieces
 91181 | Vaults:4 | Bought a bread ration for 65 gold pieces
 91585 | Vaults:5 | Entered Level 5 of the Vaults
 91890 | Vaults:5 | Reached XP level 23. HP: 92/138 MP: 24/45
 91911 | Vaults:5 | Noticed an ancient lich
 92865 | Vaults:5 | Got a silver rune of Zot
 92936 | Vaults:5 | Got a pitted chain mail
 92947 | Vaults:5 | Identified the cursed -6 chain mail of Broken Taboos {Str-4 Dex+3} (You found it on level 5 of the Vaults)
 92966 | Vaults:5 | Got an ichor-stained chain mail
 92977 | Vaults:5 | Identified the +6 chain mail of Esojitson {Dex-1 Int+4} (You found it on level 5 of the Vaults)
 92990 | Vaults:5 | Got a shimmering ring mail
 93001 | Vaults:5 | Identified the +5 ring mail of the Kraken {Slay+2} (You found it on level 5 of the Vaults)
 93605 | Vaults:5 | Got a brightly glowing emerald amulet
 94130 | Vaults:5 | Identified the amulet "Khajol" {Spirit rElec} (You took it off a tengu reaver on level 5 of the Vaults)
 94285 | Vaults:5 | Upgraded the game from 0.16-a0-1167-g3157814 to 0.16-a0-1183-g5b05a17
 95156 | Vaults:5 | Killed an ancient lich
 95717 | Vaults:5 | Reached skill level 22 in Spellcasting
 95757 | Vaults:4 | Reached XP level 24. HP: 132/144 MP: 10/46
 96243 | Vaults:5 | Got a transparent quarterstaff
 96489 | Vaults:5 | Found Pnoafux's Weapon Shop.
 97259 | Orc:3    | Bought a bread ration for 65 gold pieces
 97259 | Orc:3    | Bought a meat ration for 65 gold pieces
 97259 | Orc:3    | Bought a meat ration for 65 gold pieces
 97259 | Orc:3    | Bought a bread ration for 65 gold pieces
 97259 | Orc:3    | Bought a bread ration for 65 gold pieces
 97259 | Orc:3    | Bought a meat ration for 65 gold pieces
 97259 | Orc:3    | Bought a bread ration for 65 gold pieces
 97259 | Orc:3    | Bought a bread ration for 65 gold pieces
 97259 | Orc:3    | Bought a bread ration for 65 gold pieces
 97293 | Elf:1    | Entered Level 1 of the Elven Halls
 97326 | Elf:1    | Found Tittuara's Gadget Boutique.
 97805 | Elf:1    | Learned a level 6 spell: Deflect Missiles
 98499 | D:14     | Reached skill level 1 in Charms
 98674 | D:14     | You paid a toll of 23 scrolls of identify to enter a treasure trove
 98675 | Trove    | Entered a treasure trove
 98695 | Trove    | Got an ichor-stained shortbow
 99107 | Elf:2    | Noticed Aizul
 99116 | Elf:2    | Killed Aizul
 99270 | Elf:2    | Found Gaotsif's General Store.
 99275 | Elf:2    | Got a smoking scale mail
 99286 | Elf:2    | Identified the +6 scale mail "Schiavvi" {rF+ Stlth--} (You found it on level 2 of the Elven Halls)
 99400 | Elf:2    | Learned a level 5 spell: Fireball
 99408 | Elf:2    | Learned a level 3 spell: Conjure Flame
 99413 | Elf:2    | Learned a level 4 spell: Sticky Flame
100359 | Elf:2    | Noticed Wiglaf
100369 | Elf:2    | Killed Wiglaf
100998 | Elf:3    | Entered Level 3 of the Elven Halls
102337 | Elf:3    | Gained mutation: You are frail (-10% HP). [a neqoxec]
102342 | Elf:3    | Reached skill level 5 in Charms
102939 | Elf:3    | Reached skill level 23 in Spellcasting
103118 | Elf:3    | Reached XP level 25. HP: 116/135 MP: 26/47
103208 | Elf:3    | Got a glittering platinum ring
103212 | Elf:3    | Identified the ring of Ogead {Ice Str+1} (You took it off a deep elf sorcerer on level 3 of the Elven Halls)
103408 | Elf:3    | Learned a level 3 spell: Regeneration
103420 | Elf:3    | Got a smoking scale mail
103431 | Elf:3    | Identified the +5 scale mail of Untold Secrets {Str+4} (You found it on level 3 of the Elven Halls)
103468 | Elf:3    | Identified the Guide on Ashen Transmutation
103478 | Elf:3    | Got a crude mace
103479 | Elf:3    | Identified the cursed +0 mace "Kammenam" {crush, *Rage Str+2 Dex-3} (You found it on level 3 of the Elven Halls)
103491 | Elf:3    | Got a shimmering scale mail
103502 | Elf:3    | Identified the cursed -3 scale mail "Utibrisa" {+Fly rF+} (You found it on level 3 of the Elven Halls)
104636 | Crypt:1  | Entered Level 1 of the Crypt
106573 | Crypt:2  | Noticed Sojobo
106583 | Crypt:2  | Noticed Boris
106583 | Crypt:2  | Killed Sojobo
106966 | Crypt:1  | Found an ancient bone altar of Kikubaaqudgha.
108045 | Crypt:2  | Killed Boris
110591 | Crypt:3  | Entered Level 3 of the Crypt
110715 | Crypt:3  | Noticed Xtahua
110719 | Crypt:3  | Killed Xtahua
111552 | Crypt:3  | Reached XP level 26. HP: 86/144 MP: 13/48
112170 | Crypt:3  | Got an ancient lead ring
112199 | Crypt:3  | Reached skill level 10 in Charms
112242 | Crypt:3  | Identified the ring "Brisenavogg" {rN+ MR+ Str+4 Dex+1} (You took it off a vampire knight on level 3 of the Crypt)
112249 | Crypt:3  | Got a warped iron ring
112271 | Crypt:3  | Found a basalt altar of Yredelemnul.
112272 | Crypt:3  | Noticed an ancient lich
112279 | Crypt:3  | Killed an ancient lich
112279 | Crypt:3  | Reached skill level 24 in Spellcasting
112348 | Crypt:3  | Found an ancient bone altar of Kikubaaqudgha.
112406 | Crypt:3  | Identified the ring of Disaster {rN+ Str-3} (You took it off an ancient champion on level 3 of the Crypt)
112414 | Crypt:3  | Got an ichor-stained plate armour
112425 | Crypt:3  | Identified the cursed +10 plate armour "Styepupa" {rC+ rN+ Int+2} (You found it on level 3 of the Crypt)
112566 | Crypt:3  | Got a slimy wooden ring
113494 | Crypt:3  | Found a staircase to the Tomb.
114222 | D:15     | Noticed Kirke
114224 | D:15     | Killed Kirke
114271 | D:15     | Identified the ring of the City {rN+ Str+4 Dex+2 Int-5} (You took it off a vampire mage on level 3 of the Crypt)
115194 | D:15     | Reached skill level 10 in Evocations
115317 | D:15     | Found a staircase to the Depths.
115723 | Depths:1 | Entered Level 1 of the Depths
115866 | D:15     | Upgraded the game from 0.16-a0-1183-g5b05a17 to 0.16-a0-1196-ged0958e
115870 | Depths:1 | Reached skill level 1 in Staves
115943 | Depths:1 | Found a gateway to Hell.
115952 | Hell     | Entered the Vestibule of Hell
115952 | Hell     | Noticed Geryon
115958 | Hell     | Killed Geryon
116134 | Depths:1 | Killed from afar by a fire giant

Action                   |  1- 3 |  4- 6 |  7- 9 | 10-12 | 13-15 | 16-18 | 19-21 | 22-24 | 25-27 || total
-------------------------+-------+-------+-------+-------+-------+-------+-------+-------+-------++-------
Melee: Dagger            |    14 |       |       |       |       |       |       |       |       ||    14
       Falchion          |       |     5 |       |       |       |       |       |       |       ||     5
       Short sword       |       |     1 |    18 |     6 |   350 |   610 |       |       |       ||   985
       Staff             |       |       |       |       |       |       |    80 |   114 |   117 ||   311
Throw: Javelin           |       |       |     4 |       |       |       |       |       |       ||     4
 Cast: Shock             |    66 |   104 |   242 |   734 |   630 |   106 |     9 |     7 |       ||  1898
       Repel Missiles    |     2 |       |     1 |       |     1 |     6 |     5 |       |       ||    15
       Static Discharge  |       |    20 |    67 |   255 |   411 |   319 |   194 |   106 |    51 ||  1423
       Swiftness         |       |     1 |     1 |       |     1 |       |       |       |       ||     3
       Lightning Bolt    |       |       |     3 |       |     6 |    28 |    16 |     6 |     2 ||    61
       Iskenderun's Myst |       |       |       |    33 |   418 |   622 |   646 |   601 |   415 ||  2735
       Delayed Fireball  |       |       |       |       |     6 |     4 |     6 |     3 |     2 ||    21
       Chain Lightning   |       |       |       |       |       |    45 |    94 |    88 |   122 ||   349
       Tornado           |       |       |       |       |       |    14 |    26 |    50 |    69 ||   159
       Deflect Missiles  |       |       |       |       |       |       |       |     1 |     1 ||     2
       Regeneration      |       |       |       |       |       |       |       |       |     4 ||     4
 Abil: Release Delayed F |       |       |       |       |     5 |     4 |     6 |     3 |     3 ||    21
       Fly               |       |       |       |       |     3 |     1 |       |       |     1 ||     5
       Stop Flying       |       |       |       |       |     1 |     1 |       |       |     1 ||     3
       Breathe Fire      |       |       |       |       |       |       |     1 |     1 |       ||     2
Evoke: Wand              |       |       |     1 |    10 |    25 |     7 |       |     1 |     4 ||    48
       Crystal ball of e |       |       |       |       |     3 |       |       |     1 |       ||     4
  Use: Scroll            |     5 |     2 |     3 |    10 |    19 |    17 |    11 |    13 |     7 ||    87
       Potion            |     1 |     1 |     5 |     2 |    12 |    12 |     5 |    20 |     9 ||    67
 Stab: Distracted        |       |       |       |       |     1 |     2 |       |       |       ||     3
       Sleeping          |       |       |       |       |     5 |     2 |       |       |       ||     7
       Invisible         |       |       |       |       |       |     5 |       |       |       ||     5
  Eat: Chunk             |     4 |     4 |    17 |    35 |    48 |    54 |    36 |    35 |    19 ||   252
       Beef jerky        |     1 |       |       |     1 |     1 |     2 |     4 |     3 |       ||    12
       Bread ration      |       |     2 |       |       |       |     5 |    11 |     7 |    10 ||    35
       Royal jelly       |       |       |     1 |       |     2 |     4 |       |       |     1 ||     8
       Fruit             |       |       |     2 |     6 |    18 |       |     2 |     3 |     2 ||    33
       Pizza             |       |       |       |     1 |    10 |     5 |     1 |     1 |     1 ||    19
       Meat ration       |       |       |       |       |       |     1 |     4 |     5 |     6 ||    16
